 Dungeon Crawl Stone Soup version 0.18-b1-22-ge198996 (webtiles) character file.

79 Gingerlord the Skirmisher (level 4, 0/43 HPs)
             Began as a Gargoyle Berserker on May 3, 2016.
             Was a Believer of Trog.
             Killed from afar by an orc wizard (11 damage)
             ... with a puff of flame
             ... on level 3 of the Dungeon.
             The game lasted 00:02:11 (1208 turns).

Gingerlord the Skirmisher (Gargoyle Berserker)      Turns: 1208, Time: 00:02:12

Health: 0/43       AC:  5    Str: 25    XL:     4   Next: 38%
Magic:  4/4        EV: 12    Int:  8    God:    Trog [**....]
Gold:   60         SH:  0    Dex: 10    Spells: 0 memorised, 3 levels left

rFire  . . .     SeeInvis .     a - +0 mace
rCold  . . .     Gourm    .     b - +0 animal skin
rNeg   + . .     Faith    .     (no shield)
rPois  ∞         Spirit   .     (no helmet)
rElec  +         Dismiss  .     (no cloak)
rCorr  .         Reflect  .     (no gloves)
SustAt .         Harm     .     (no boots)
MR     .....                    (no amulet)
Stlth  ..........               (no ring)
                                (no ring)

@: berserking, very quick, not resistant to hostile enchantments, extremely
unstealthy
A: negative energy resistance 1, electricity resistance, unbreathing,
petrification resistance, rot immunity, AC +3
a: Berserk, Trog's Hand, Burn Spellbooks, Renounce Religion


You were on level 3 of the Dungeon.
You worshipped Trog.
Trog was pleased with you.
You were hungry.

You visited 1 branch of the dungeon, and saw 3 of its levels.

You collected 60 gold pieces.

Inventory:

Hand Weapons
 a - a +0 mace (weapon)
Armour
 b - a +0 animal skin (worn)
Jewellery
 o - an uncursed ring of stealth {unknown}
Scrolls
 d - 2 scrolls of recharging {unknown}
 f - 2 scrolls of identify {unknown}
 g - 2 scrolls of teleportation {unknown}
 h - a scroll of magic mapping {unknown}
 j - a scroll of remove curse {unknown}
 l - a scroll of enchant weapon {unknown}
 m - a scroll of fear {unknown}
Potions
 e - a potion of heal wounds {unknown}
 i - 3 potions of curing {unknown}
 k - a potion of berserk rage {unknown}
 n - a potion of mutation {unknown}
Comestibles
 c - 2 bread rations


   Skills:
 + Level 4.1 Fighting
 + Level 3.4 Maces & Flails
 + Level 2.9 Armour
 + Level 2.3 Dodging


You had 3 spell levels left.
You didn't know any spells.

Dungeon Overview and Level Annotations

Branches:
Dungeon (3/15)

Altars:
Ashenzari


Innate Abilities, Weirdness & Mutations

You are resistant to torment.
Your stone body is resilient (AC +3).
You are immune to poison.
You resist negative energy.
You are resistant to electric shocks.
You can survive without breathing.
You are immune to petrification.
You are immune to rotting.


Message History

You are feeling hungry.
The orc shouts!
The kobold misses you.
You closely miss the kobold. The kobold misses you.
You thump the kobold!
You kill the kobold!
Trog accepts your kill.
The orc wizard casts a spell.
The orc wizard flickers and vanishes!
Deactivating autopickup; reactivate with Ctrl-A.
The orc hits you with a flail.
* * * LOW HITPOINT WARNING * * *
Things that are here:
a dagger; a kobold corpse You barely miss the orc.
Something barely misses you. The orc hits you but does no damage.
You hear some strange, mumbled words.
A puff of flame appears from out of thin air!
The puff of flame hits you!
You die...

.. ####.####! .#
#...[....###.#
#.#...##.....#
#.#..........
#@#...#....#
#)#.......#
.#.#o........##
......o......><.#
......#.....?...#
....#.............#
....#.............#
.............#.####
##........##.....


You could see 2 orcs.

Vanquished Creatures
  2 adders
  An ooze (D:1)
  2 worms (D:2)
  A dart slug (D:1)
  A ball python (D:1)
  4 giant cockroaches
  7 goblins (D:1)
  2 hobgoblins
  2 jackals (D:3)
  A quokka (D:2)
  6 bats
  A giant newt (D:2)
  6 kobolds
  14 rats
50 creatures vanquished.

Notes
Turn   | Place    | Note
--------------------------------------------------------------
     0 | D:1      | Gingerlord the Gargoyle Berserker began the quest for the Orb.
     0 | D:1      | Reached XP level 1. HP: 14/14 MP: 1/1
    44 | D:1      | Reached XP level 2. HP: 17/19 MP: 2/2
   478 | D:1      | Reached XP level 3. HP: 22/24 MP: 3/3
   480 | D:1      | Reached ** piety under Trog
   801 | D:2      | Reached skill level 4 in Fighting
   805 | D:2      | Found a shattered altar of Ashenzari.
   944 | D:2      | Reached XP level 4. HP: 25/29 MP: 4/4
  1208 | D:3      | Killed from afar by an orc wizard

Skill      XL: |  1  2  3 |
---------------+----------+-----
Dodging        | 2 |  2.3
Fighting       | 4 |  4.1
Maces & Flails | |  3.4
Armour         | |  2.9

Action                   |  1- 3 |  4- 6 || total
-------------------------+-------+-------++-------
Melee: Mace              |   113 |    33 ||   146
Invok: Berserk           |       |     1 ||     1
 Stab: Sleeping          |     1 |     1 ||     2
  Eat: Chunk             |       |     1 ||     1
Armor: Animal skin       |    47 |    10 ||    57
Dodge: Dodged            |    90 |    35 ||   125
